 Dungeon Crawl Stone Soup version 0.19.5 (webtiles) character file.

95 theElss the Conjurer (level 4, -10/24 HPs)
             Began as a Deep Elf Conjurer on May 10, 2017.
             Killed by divine providence
             ... invoked by an orc priest
              (14 damage)
             ... on level 3 of the Dungeon.
             The game lasted 00:08:40 (2456 turns).

theElss the Conjurer (Deep Elf Conjurer)            Turns: 2456, Time: 00:08:42

Health: -10/24     AC:  2    Str:  5    XL:     4   Next: 40%
Magic:  1/12       EV: 13    Int: 21    God:
Gold:   108        SH:  0    Dex: 15    Spells: 3 memorised, 4 levels left

rFire  . . .     SeeInvis .     m - +0 dagger
rCold  . . .     Gourm    .     a - +0 robe
rNeg   + . .     Faith    .     (no shield)
rPois  .         Spirit   .     (no helmet)
rElec  .         Reflect  .     (no cloak)
rCorr  .         Harm     .     (no gloves)
MR     .....                    (no boots)
Stlth  ++........               (no amulet)
                                (no ring)
                                h - ring of positive energy

@: very slightly contaminated
A: no striking features
a: no special abilities


You were on level 3 of the Dungeon.
You were not hungry.

You visited 1 branch of the dungeon, and saw 4 of its levels.

You collected 108 gold pieces.

Inventory:

Hand Weapons
 m - a +0 dagger (weapon)
Armour
 a - a +0 robe (worn)
Jewellery
 h - a ring of positive energy (left hand)
Scrolls
 e - 2 scrolls of identify {unknown}
 f - 2 scrolls of teleportation {unknown}
 g - a scroll of noise {unknown}
 j - a scroll of recharging {unknown}
 l - 2 scrolls of remove curse {unknown}
 n - 2 scrolls of fear {unknown}
 q - a scroll of fog {unknown}
Potions
 i - 2 potions of heal wounds {unknown}
 o - a potion of brilliance {unknown}
 p - 2 potions of berserk rage {unknown}
 r - a potion of degeneration {unknown}
Books
 b - a book of Conjurations

   Spells                             Type                      Level
   a - Magic Dart                     Conjuration                  1
   b - Searing Ray                    Conjuration                  2
   c - Dazzling Spray                 Conjuration/Hexes            3
   d - Fulminant Prism                Conjuration/Hexes            4
   e - Iskenderun's Mystic Blast      Conjuration                  4
   f - Iskenderun's Battlesphere      Conjuration/Charms           5
Comestibles
 c - 2 bread rations


   Skills:
 + Level 2.8 Dodging
 - Level 2.4 Stealth
 + Level 4.3 Spellcasting
 + Level 5.7 Conjurations


You had 4 spell levels left.
You knew the following spells:

 Your Spells              Type           Power        Failure   Level  Hunger
a - Magic Dart            Conj           ####         1%          1    None
c - Searing Ray           Conj           ####..       1%          2    #......
d - Iskenderun's Mystic   Conj           ####....     14%         4    ####...


Dungeon Overview and Level Annotations

Branches:
Dungeon (4/15)
 Temple: D:4-7

Altars:

Annotations:
D:4 edgar's ghost, amateur OgHu


Message History

Press: ? - help, Shift-Dir - straight line, f/p - orc priest
Aim: an orc priest The orb of energy hits the orc.
You kill the orc!
The orb of energy explodes!
The mystic blast hits the orc.
You kill the orc!
You hear an angry hiss.
The orc priest looks satisfied for a moment.
The orc priest looks encouraged for a moment.
A leopard gecko comes into view.
Unknown command.
The leopard gecko bites you.
* * * LOW HITPOINT WARNING * * *
You hit the leopard gecko.
The leopard gecko is lightly wounded.
The leopard gecko barely misses you.
The orc priest mumbles some strange prayers to Beogh against you.
Beogh smites you!
Ouch! That really hurt!
You die...

#........#
#)########
#)# #)#
#o# #.#
#.#
########.#
......l@.#
##########


You could see an orc priest and a leopard gecko.

Vanquished Creatures
  An orc wizard (D:3)
  An ooze (D:2)
  A worm (D:2)
  2 dart slugs (D:1)
  A leopard gecko (D:2)
  3 orcs (D:3)
  2 giant cockroaches (D:1)
  8 goblins
  4 hobgoblins
  6 jackals
  5 kobolds
  A quokka (D:3)
  9 bats
  4 frilled lizards
  4 rats
52 creatures vanquished.

Notes
Turn   | Place    | Note
-------+----------+-------------------------------------------
     0 | D:1      | theElss the Deep Elf Conjurer began the quest for the Orb.
     0 | D:1      | Reached XP level 1. HP: 10/10 MP: 6/6
   303 | D:1      | Reached XP level 2. HP: 15/15 MP: 5/8
   307 | D:1      | Learned a level 2 spell: Searing Ray
   612 | D:1      | Reached skill level 5 in Conjurations
  1035 | D:2      | Reached XP level 3. HP: 16/19 MP: 0/9
  2042 | D:3      | Reached XP level 4. HP: 24/24 MP: 8/12
  2082 | D:3      | Learned a level 4 spell: Iskenderun's Mystic Blast
  2400 | D:4      | Noticed edgar's ghost (amateur OgHu)
  2456 | D:3      | Killed from afar by an orc priest

Skill      XL: |  1  2  3 |
---------------+----------+-----
Conjurations   | 5 |  5.7
Spellcasting   | 4 |  4.3
Dodging        | |  2.8
Stealth        | |  2.4

Action                   |  1- 3 |  4- 6 || total
-------------------------+-------+-------++-------
Melee: Unarmed           |     3 |       ||     3
       Dagger            |       |     2 ||     2
 Cast: Magic Dart        |    75 |     9 ||    84
       Searing Ray       |     4 |       ||     4
       Iskenderun's Myst |       |     3 ||     3
  Eat: Chunk             |     3 |       ||     3
       Meat ration       |       |     1 ||     1
Armor: Robe              |       |     1 ||     1
Dodge: Dodged            |     8 |     5 ||    13
